 Dungeon Crawl Stone Soup version 0.31.0-12-g77e489cdc1 (webtiles) character file.

Game seed: 16218032649454719491

808 seaoflcl the Shield-Bearer (level 7, 0/60 HPs)
             Began as a Gnoll Fighter on Mar 6, 2024.
             Was an Initiate of Hepliaklqana.
             Slain by an ice beast (1 damage)
             ... on level 5 of the Dungeon.
             The game lasted 00:07:58 (4267 turns).

seaoflcl the Shield-Bearer (Gnoll Fighter)          Turns: 4267, Time: 00:07:59

Health: 0/60       AC: 11    Str: 18    XL:     7   Next: 92%
Magic:  11/11      EV:  8    Int:  7    God:    Hepliaklqana [......]
Gold:   284        SH:  5    Dex: 11    Spells: 11/11 levels left

rFire   + . .        m - +3 short sword
rCold   x . .        c - +0 buckler
rNeg    . . .        j - +0 chain mail
rPois   .            (no helmet)
rElec   .            l - +0 cloak
rCorr   .            (no gloves)
SInv    .            (no boots)
Will    .....        (no amulet) Stlth
                     n - ring of fire
HPRegen 0.30/turn    (no ring)
MPRegen 0.12/turn

%: no passive effects
@: no status effects
A: fangs 1, strong nose, distributed training
a: Renounce Religion


You were on level 5 of the Dungeon.
You worshipped Hepliaklqana.
Hepliaklqana was noncommittal.
You visited 1 branch of the dungeon, and saw 5 of its levels.

You collected 284 gold pieces.

Inventory:

Hand Weapons
 a - a +0 war axe
 m - a +3 short sword (weapon)
Armour
 c - a +0 buckler (worn)
 j - a +0 chain mail (worn)
 l - a +0 cloak (worn)
Jewellery
 n - a ring of fire (left hand)
Scrolls
 e - a scroll of poison {unknown}
 f - 2 scrolls of identify
 h - 5 scrolls of fog
 i - a scroll of revelation {unknown}
 k - 2 scrolls of teleportation {unknown}
 q - a scroll of fear {unknown}
 r - a scroll of enchant armour {unknown}
 s - a scroll of immolation {unknown}
Potions
 b - a potion of heal wounds
 d - a potion of ambrosia
 o - a potion of enlightenment {unknown}
 p - a potion of berserk rage {unknown}


   Skills:
 + Level 7.2 Fighting
 + Level 2.9 Short Blades
 + Level 2.9 Long Blades
 + Level 5.4 Axes
 + Level 2.9 Maces & Flails
 + Level 2.9 Polearms
 + Level 2.9 Staves
 + Level 2.9 Ranged Weapons
 + Level 2.9 Throwing
 + Level 7.2 Armour
 + Level 2.9 Dodging
 + Level 2.9 Stealth
 + Level 7.2 Shields
 + Level 2.9 Unarmed Combat
 + Level 2.9 Spellcasting
 + Level 2.3 Conjurations
 + Level 2.3 Hexes
 + Level 2.3 Summonings
 + Level 2.3 Necromancy
 + Level 2.3 Translocations
 + Level 2.3 Fire Magic
 + Level 2.3 Ice Magic
 + Level 2.3 Air Magic
 + Level 2.3 Earth Magic
 + Level 2.3 Alchemy
 + Level 3.2 Invocations
 + Level 2.9 Evocations
 + Level 2.6 Shapeshifting


You had 11 spell levels left.
You didn't know any spells.
Your spell library contained the following spells:

 Spells                   Type           Power      Damage    Failure   Level
 Apportation              Tloc           8%         N/A       77%         1
 Freeze                   Ice            16%        1d4       77%         1
 Necrotise                Necr           16%        1d4       77%         1
 Sting                    Conj/Alch      16%        1d4       77%         1
 Summon Small Mammal      Summ           16%        N/A       77%         1
 Frozen Ramparts          Ice            8%         1d2       98%         3
 Hailstorm                Conj/Ice       4%         3d5       98%         3
 Vampiric Draining        Necr           4%         2d6       98%         3
 Martyr's Knell           Necr/Summ      4%         N/A       100%        4
 Curse of Agony           Necr           4%         N/A       100%        5


Dungeon Overview and Level Annotations

Branches:
Dungeon (5/15)
 Temple: D:4-7

Altars:
Hepliaklqana
Sif Muna

Annotations:
D:3 1 runed translucent door, Crazy Yiuf
D:4 3 runed translucent doors, Valrug's ghost, amateur GrEE; seawaffle's ghost, amateur FeBe


Innate Abilities, Weirdness & Mutations

You have very sharp teeth.
Your uncanny sense of smell can sniff out nearby items.
Your experience applies equally to all skills.


Message History

You block the jelly's attack. The ice beast closely misses you.
You hit the ice beast but do no damage.
The ice beast is moderately wounded.
You block the jelly's attack.
You hit the ice beast.
The ice beast is moderately wounded.
You block the ice beast's attack.
You closely miss the ice beast.
The ice beast is moderately wounded.
The jelly hits you but does no damage.
The ice beast hits you but does no damage.
You closely miss the ice beast.
The ice beast is moderately wounded.
The jelly hits you but does no damage.
The ice beast hits you but does no damage.
You barely miss the ice beast.
The ice beast is moderately wounded.
You block the jelly's attack. You block the ice beast's attack.
You hit the ice beast but do no damage.
The ice beast is moderately wounded.
The jelly hits you but does no damage. The ice beast barely misses you.
You hit the ice beast.
The ice beast is heavily wounded.
The jelly hits you.
You are splashed with acid!
* * * LOW HITPOINT WARNING * * *
The ice beast hits you but does no damage.
You hit the ice beast.
You bite the ice beast, but do no damage.
The ice beast is heavily wounded.
The jelly hits you but does no damage.
You hit the ice beast but do no damage.
The ice beast is heavily wounded.
The ice beast hits you.
* * * LOW HITPOINT WARNING * * *
The ice beast freezes you!
You feel a terrible chill!
* * * LOW HITPOINT WARNING * * *
You hit the ice beast but do no damage.
The ice beast is heavily wounded.
The jelly hits you but does no damage. The ice beast hits you.
You die...

...... ......#+#
.......# ......#
#....#######
#...........
#...........
#...J.......
#...@.......
#...Y#######
#....#......
#....#.[....
#+##....#......
............#+..########
+##
....###............##.##
#...
....#...≈≈≈≈≈≈≈≈≈.......
.....+
....#...≈.......≈.......


You could see an ice beast and a jelly.

Vanquished Creatures
  Grinder (D:3)
  Eustachio (D:4)
  A phantom (D:5)
  A scorpion (D:5)
  An orc priest (D:4)
  A hound (D:5)
  An iguana (D:4)
  2 sleepcaps
  3 orc wizards
  4 adders
  2 white imps (D:5)
  12 dart slugs
  2 ribbon worms (D:2)
  8 orcs
  2 bats
  5 endoplasms
  4 giant cockroaches
  6 hobgoblins
  9 jackals
  6 kobolds
  A quokka (D:1)
  3 ball pythons
  7 goblins
  4 rats
87 creatures vanquished.

Notes
Turn   | Place    | Note
-------+----------+-------------------------------------------
     0 | D:1      | seaoflcl the Gnoll Fighter began the quest for the Orb.
     0 | D:1      | Reached XP level 1. HP: 23/23 MP: 1/1
   304 | D:1      | Reached XP level 2. HP: 29/29 MP: 2/2
   689 | D:2      | Reached XP level 3. HP: 33/35 MP: 3/3
   986 | D:2      | Reached skill level 1 in Invocations
   989 | D:2      | Reached skill level 1 in Short Blades
   989 | D:2      | Reached skill level 1 in Long Blades
   989 | D:2      | Reached skill level 1 in Maces & Flails
   989 | D:2      | Reached skill level 1 in Polearms
   989 | D:2      | Reached skill level 1 in Staves
   989 | D:2      | Reached skill level 1 in Ranged Weapons
   989 | D:2      | Reached skill level 1 in Throwing
   989 | D:2      | Reached skill level 1 in Dodging
   989 | D:2      | Reached skill level 1 in Stealth
   989 | D:2      | Reached skill level 1 in Unarmed Combat
   989 | D:2      | Reached skill level 1 in Spellcasting
   989 | D:2      | Reached skill level 1 in Evocations
   997 | D:2      | Reached skill level 1 in Shapeshifting
   997 | D:2      | Reached XP level 4. HP: 16/41 MP: 5/5
  1002 | D:2      | Reached skill level 1 in Conjurations
  1002 | D:2      | Reached skill level 1 in Hexes
  1002 | D:2      | Reached skill level 1 in Summonings
  1002 | D:2      | Reached skill level 1 in Necromancy
  1002 | D:2      | Reached skill level 1 in Translocations
  1002 | D:2      | Reached skill level 1 in Fire Magic
  1002 | D:2      | Reached skill level 1 in Ice Magic
  1002 | D:2      | Reached skill level 1 in Air Magic
  1002 | D:2      | Reached skill level 1 in Earth Magic
  1002 | D:2      | Reached skill level 1 in Alchemy
  1489 | D:3      | Noticed Grinder
  1500 | D:3      | Paralysed by Grinder for 4 turns
  1511 | D:3      | Killed Grinder
  1512 | D:3      | Reached skill level 5 in Axes
  1512 | D:3      | Reached XP level 5. HP: 32/47 MP: 5/8
  1512 | D:3      | Reached XP level 6. HP: 36/53 MP: 5/9
  1699 | D:3      | Found a runed translucent door.
  1700 | D:3      | Noticed Crazy Yiuf
  2600 | D:4      | Noticed Eustachio
  2787 | D:4      | Found a runed translucent gate.
  2787 | D:4      | Found a runed translucent gate.
  2788 | D:4      | Found a runed translucent gate.
  2791 | D:4      | Noticed seawaffle's ghost (amateur FeBe)
  2791 | D:4      | Noticed Valrug's ghost (amateur GrEE)
  2820 | D:4      | Reached XP level 7. HP: 59/59 MP: 10/10
  2886 | D:4      | Killed Eustachio
  3287 | D:5      | Entered Level 5 of the Dungeon
  4030 | D:5      | Found a hazy altar of Hepliaklqana.
  4039 | D:5      | Found a shimmering blue altar of Sif Muna.
  4192 | D:5      | Became a worshipper of Hepliaklqana the Forgotten
  4266 | D:5      | HP: 1/60 [ice beast (16)]
  4267 | D:5      | Slain by an ice beast

Illustrated notes

Levels and vault maps discovered:
D:1:      dpeg_arrival_chambers_temple_mockup, layout_rooms,
          hangedman_abyss_or_decor_lesser_grid
D:2:      layout_basic, skrybe_limestone_x, kennysheep_generic_room_12
D:3:      kennysheep_slugbush, layout_basic, uniq_crazy_yiuf_cottage,
          uniq_grinder
D:4:      layout_rooms, gammafunk_ghost_cemetery, uniq_eustachio
D:5:      layout_gridville, mainiacjoe_overflow_catwalk_spiral, serial_shops,
          kennysheep_mini

Skill      XL: |  1  2  3  4  5  6  7 |
---------------+----------------------+-----
Invocations    | 1 2 3 |  3.2
Short Blades   | 1 2 |  2.9
Long Blades    | 1 2 |  2.9
Maces & Flails | 1 2 |  2.9
Polearms       | 1 2 |  2.9
Staves         | 1 2 |  2.9
Ranged Weapons | 1 2 |  2.9
Throwing       | 1 2 |  2.9
Dodging        | 1 2 |  2.9
Stealth        | 1 2 |  2.9
Unarmed Combat | 1 2 |  2.9
Spellcasting   | 1 2 |  2.9
Evocations     | 1 2 |  2.9
Shapeshifting  | 1 2 |  2.6
Conjurations   | 1 2 |  2.3
Hexes          | 1 2 |  2.3
Summonings     | 1 2 |  2.3
Necromancy     | 1 2 |  2.3
Translocations | 1 2 |  2.3
Fire Magic     | 1 2 |  2.3
Ice Magic      | 1 2 |  2.3
Air Magic      | 1 2 |  2.3
Earth Magic    | 1 2 |  2.3
Alchemy        | 1 2 |  2.3
Axes           | 5 |  5.4
Fighting       | 7 |  7.2
Armour         | 7 |  7.2
Shields        | 7 |  7.2

Action                     |  1- 3 |  4- 6 |  7- 9 || total
---------------------------+-------+-------+-------++-------
  Melee: War axe           |    72 |    99 |       ||   171
         Bite              |     6 |    16 |    22 ||    44
         Short sword       |       |    70 |   153 ||   223
    Use: Potion            |     1 |       |     2 ||     3
         Scroll            |       |     4 |       ||     4
 Armour: Scale mail        |    19 |       |       ||    19
         Chain mail        |    29 |   114 |   131 ||   274
  Dodge: Dodged            |    35 |    55 |    41 ||   131
  Block: Buckler           |    18 |    53 |    32 ||   103
